Map: Automaton LE

Players

ParkwayDMD

  • Race: Zerg Zerg
  • League: Platinum
  • Spawn Location: 3:00

A.I. 1 (Very Easy) - Winner!

  • Race: Zerg Zerg
  • Spawn Location: 9:00

VOD

Have the link to the VOD?

Description

Time

  • Played on: May 14, 2019, 3:31 p.m.
  • Length: 7:01
Show
View Real Time Build Order
Export as new Build Order

ParkwayDMD Zerg 

Build Orders: Pool First 

Get SALT Encoding   

  12  0:18  Spawning Pool  
  11  0:23  Drone  
  11  0:28  Drone  
  13  0:32  Drone  
  14  0:41  Overlord  
  14  1:06  Zergling x2  
  14  1:07  Zergling x4  
  17  1:18  Zergling x2  
  18  1:25  Hatchery  
  18  1:29  Zergling x2  
  18  1:39  Zergling x2  
  19  1:45  Queen  
  21  1:50  Drone  
  22  2:00  Overlord  
  22  2:19  Drone  
  22  2:21  Queen  
  25  2:24  Drone  
  26  2:34  Extractor, Drone  
  26  2:41  Queen  
  26  2:43  Drone  
  29  2:44  Drone  
  30  2:58  Drone x3  
  32  3:00  Drone  
  34  3:09  Drone  
  34  3:10  Overlord  
  35  3:13  Drone  
  36  3:23  Overlord  
  36  3:29  Drone x3  
  36  3:31  Drone  
  40  3:37  Drone  
  40  3:38  Drone  
  43  3:48  Drone x2  
  43  3:51  Extractor  
  43  3:55  Drone x2  
  45  3:56  Extractor  
  44  4:06  Evolution Chamber  
  44  4:07  Evolution Chamber  
  44  4:09  Roach Warren  
  41  4:15  Drone  
  41  4:16  Drone x4  
  46  4:19  Drone  
  47  4:24  Drone x2  
  49  4:32  Lair  
  49  4:36  Zerg Missile Weapons Level 1  
  49  4:39  Drone  
  49  4:41  Drone  
  49  4:44  Drone  
  52  4:48  Overlord  
  52  4:51  Overlord  
  52  5:11  Overlord x2  
  52  5:13  Roach  
  52  5:14  Roach x2  
  58  5:21  Roach  
  60  5:29  Glial Reconstitution  
  60  5:31  Roach x6  
  60  5:33  Roach  
  74  5:39  Roach  
  74  5:42  Roach  
  78  5:49  Roach  
  80  5:55  Roach x2  
  84  6:00  Overlord x2  
  84  6:03  Overlord  
  84  6:22  Roach x4  
  84  6:24  Roach x2  
  84  6:25  Roach x2  
  100  6:40  Drone  
  100  6:41  Drone x4  
Show
View Real Time Build Order
Export as new Build Order

A.I. 1 (Very Easy) Zerg - Winner!

Build Orders: Pool Only 

Get SALT Encoding   

  12  0:01  Drone  
  13  0:12  Overlord  
  13  0:18  Drone  
  14  0:37  Spawning Pool  
  14  0:38  Extractor  
  14  0:40  Drone  
  13  0:47  Drone  
  14  0:53  Overlord  
  14  1:25  Queen, Zergling x2  
  17  1:35  Roach Warren  
  17  1:36  Extractor  
  15  1:40  Drone  
  16  1:47  Drone  
  16  1:53  Zergling x2  
  18  2:07  Drone  
  19  2:14  Drone  
  20  2:22  Zergling x2  
  21  2:23  Drone  
  22  2:33  Overlord  
  22  2:39  Drone  
  23  2:47  Drone  
  23  2:50  Roach  
  26  2:54  Drone  
Tags
 
League
Platinum
Matchup
ZvZ
Race
Zerg
Spawn Locations
Cross Positions
Add a new tag
Caveats
  • Supply blocks, unpowered buildings, or Contaminate may cause inaccurate times.
  • Supply counts are checked every 10 seconds.